[Event "*** Titled Tuesday 3|2 Blitz"]
[Site "Chess.com"]
[Date "2016.08.02"]
[Round "4"]
[White "Imre91"]
[Black "Iball95"]
[Result "1/2-1/2"]
[WhiteElo "2533"]
[BlackElo "2468"]
[TimeControl "180+2"]
[EndTime "11:56:06 PDT"]
[Termination "Game drawn by 50-move rule"]

1. d4 Nf6 2. Nf3 d5 3. c4 c6 4.
Qb3 dxc4 5. Qxc4 Bg4 6. Nbd2 Nbd7 7. g3 e6 8. Bg2 Be7 9. O-O O-O 10. b3 a5 11. Bb2 Nb6 12. Qc2 a4 13. Rfd1 axb3 14. axb3 Qc7 15. e4 Bh5 16. h3 Nbd7 17. Nc4 Rxa1 18.
Rxa1 Rd8 19. Ne3 Bg6 20. Nh4 Nf8 21. Nxg6 hxg6 22. d5 exd5 23. exd5 Rc8 24. Rc1 Qb6 25. Nc4 Qd8 26. dxc6 bxc6 27. Ne5 c5 28. Nc6 Qc7 29. Rd1 Ne6 30. Be5 Qb7 31. Nxe7+ Qxe7 32. b4 Qe8 33. Bb7 Rd8 34. Rxd8 Qxd8 35. bxc5 Nd7 36. Bd6 Ndxc5 37. Bxc5 Qc7 38. Bd5 Qxc5 39. Qe4 Nf8 40. h4 Qd6 41. Kg2 Qd7 42. Bc4 Qd8 43. Qb7 Qd7 44. Qa8 Qe7 45. Bd5 Qd7 46. Qa2 Qe7 47.
Qc4 Qd7 48. Qe4 Nh7 49. Bc4 Nf6 50. Qa8+ Qe8 51. Qa2 Qc6+ 52. Kg1 Qd7 53. Qe2 Qe8 54. Qd2 Qd7 55. Qc2 Qe8 56. Qxg6 Qe1+ 57. Kg2 Qe4+ 58.
Qxe4 Nxe4 59. Bd5 Nf6 60. Bc6 g6 61. Kf3 Kg7 62. Kf4 Nh5+ 63. Ke5 Nf6 64. Bf3 Ng8 65.
g4 Nf6 66. g5 Nh7 67. Kd6 f6 68. gxf6+ Nxf6 69. Ke5 Nd7+ 70. Kf4 Nf6 71. Be4 Kh6 72. Bf3 Kg7 73. Be2 Kh6 74. Bd1 Kg7 75. Be2 Kh6 76. Bf3 Kg7 77. Bd1 Kh6 78. Be2 Kg7 79. Ke5 Nh7 80. Bd3 Nf6 81. f3 Nh7 82. Kf4 Nf6 83.
Be4 Kh6 84. Kg3 Nh5+ 85. Kh3 Nf6 86. Bc6 Kh5 87. f4 Ng8 88. Bf3+ Kh6 89. Be4 Nf6 90. Bd3 Kh5 91. Kg3 Nd5 92. Be2+ Kh6 93. Bc4 Nf6 94. Bf7 Kg7 95. Be6 Kh6 96. Ba2 Kh5 97. Bf7 Kh6 98.
Kf3 Kg7 99. Bc4 Kh6 100. Bd3 Kh5 101. Kg3 Kh6 102. Be2 Kg7 103. Bf3 Kh6 104. Kf2 Ng8 105. Ke3 Nf6 106. Kd4 Kg7 107. Ke5 Nh7 108. Be4 Nf6 109. Bd3 Ng4+ 110. Ke6 Nf6 111. Bc2 Nh5 112. Ke5 Nf6 113. Bd1 Nd7+ 114. Kd6 Nf6 115. Ke6 Ne4 116. Bc2 Nf6 117. Bd3 Nh5 118. Ke5 Nf6 119. Be2 Nd7+ 120. Ke6 Nf6 121.
Bf3 Nh7 122. Kd6 Nf6 123. Ke5 Nd7+ 124. Kd4 Nf6 125. Be2 Nd7 126. Bd3 Nf6 127. Ke5 Ng4+ 128. Ke6 Nf6 129. Bc2 Nh5 130. Ke5 Nf6 131. Bb1 Ng4+ 132. Kd5 Nf6+ 133. Ke6 Nh5 134. Ke5 Nf6 135. Bd3 Ng4+ 136. Kd6 Nf6 137. Be2 Nh7 138. Ke7 Nf6 139. Ke6 Nh7 140. Bf3 Nf6 141. Bd1 Nh7 142. Be2 Nf6 143. Bf3 1/2-1/2

[Event "*** Titled Tuesday 3|2 Blitz"]
[Site "Chess.com"]
[Date "2016.08.02"]
[Round "4"]
[White "oggy1984"]
[Black "Generalas"]
[Result "1-0"]
[WhiteElo "2310"]
[BlackElo "2237"]
[TimeControl "180+2"]
[EndTime "11:57:54 PDT"]
[Termination "oggy1984 won by resignation"]

1. e4 e5 2. f4 exf4 3. Nf3 Nf6 4. e5 Nh5 5. d4 g5 6. Bc4 d5 7. exd6 Bxd6 8. Qe2+ Kf8 9. O-O Nc6 10.
c3 Kg7 11. Nbd2 Re8 12. Ne5 Nf6 13. Nxf7 Rxe2 14. Nxd8 Rxd2 15. Nxc6 Rc2 16. Ne5 Bf5 17. Re1 Be4 18. Rxe4 Nxe4 19. Bd3 Rxc1+ 20. Rxc1 Nf6 21. Nc4 Bf8 22. Re1 Re8 23. Rxe8 Nxe8 24. Na5 Nd6 25.
b4 Be7 26. Nb3 b6 27. Nd2 h6 28. Ne4 Nxe4 29. Bxe4 Kf6 30. Kf2 Bd6 31. h3 c5 32.
dxc5 bxc5 33. b5 Ke5 34. Bc6 c4 35. Ke2 Bc5 36. Kd2 h5 37. Be8 h4 38. Bd7 Kd5 39. Bc6+ Kd6 40. a4 Be3+ 41. Ke2 a5 42. Be8 Ke5 43. Bf7 Kd6 44. Bxc4 Kc5 45. Kd3 Bg1 46.
Bf7 Bf2 47. Bg8 Bg3 48. Ke4 Bf2 49. Kf5 Be3 50. Kg4 Bd2 51. Kf5 Be3 52. Bf7 f3 53.
gxf3 Bf4 54. Ke4 Bd2 55. Kd3 Bf4 56. c4 Bc1 57. Ke4 Bf4 58. Kf5 Be3 59. Bd5 Bf4 60. Ke6 Be3 61. Kd7 Bf4 62. Kc8 Kb6 63. Kd7 Be3 64. Be6 Bd4 65. Bf7 Be3 66. Kd6 Bf2 67.
Kd5 Be3 68. Ke4 Bf2 69. Kf5 Be3 70. Kg6 Kc5 71. Bg8 Kb6 72. Kh5 Kc5 73. Kg4 Kb6 74. Kf5 Kc5 75. Ke4 Bf4 76. Kd3 Bg3 77. Ke2 Bf4 78. Kd1 Be3 79. Kc2 Bf4 80. Kd3 Bg3 81. Ke3 Bf4+ 82. Ke4 Bg3 83. Bf7 Bf4 84. Kf5 Be3 85.
Be6 Kb6 86. Ke4 Bf4 87. Kd4 Bd6 88. Kd5 Bc5 89. Bf5 Be3 90. Bg4 Bf2 91. f4 gxf4 92. Ke4 Be3 93. Be2 Kc5 94. Kf3 Bd4 95. Ke4 Bf2 96. Bf1 Bg3 97. Ke5 f3+ 98. Ke6 f2 99. Kd7 Kb6 100. Ke6 Kc5 101. Ke7 Kb6 102. Kd7 Bf4 103. Kc8 Bd6 104. Be2 Bc5 105. Kd7 Be3 106. Kd6 Bc5+ 107. Kd5 Be7 108. Ke4 Bc5 109. Kf3 Bd4 110. Kg4 f1=Q 111. Bxf1 Bf2 112. Kf3 Bg3 113. Ke4 Kc5 114.
Kf5 Bh2 115. Kg5 Bg3 116. Kf6 Bf4 117. Ke7 Bg3 118. Kd8 Bf4 119. Kc8 Kb6 120. Be2 Bg3 121. c5+ Kxc5 122. Kb7 Bf2 123. Bd1 Bd4 124. b6 Be5 125. Bf3 Bf6 126. Ka7 Be5 127. b7 Kb4 128. Bc6 Bd4+ 129. Ka8 Be5 130. b8=Q+ Bxb8 131. Kxb8 1-0

[Event "*** Titled Tuesday 3|2 Blitz"]
[Site "Chess.com"]
[Date "2016.08.02"]
[Round "5"]
[White "Oleksandr_Bortnyk"]
[Black "MateusViageiro"]
[Result "1-0"]
[WhiteElo "2533"]
[BlackElo "2276"]
[TimeControl "180+2"]
[EndTime "12:02:03 PDT"]
[Termination "Oleksandr_Bortnyk won by resignation"]

1. e4 e5 2. Nf3 Nc6 3. Bb5 a6 4. Ba4 Nf6 5. Qe2 b5 6. Bb3 Bc5 7. O-O O-O 8. c3 Bb6 9. d4 exd4 10. e5 Re8 11. cxd4 Nxd4 12. Nxd4 Bxd4 13. Qf3 Bxe5 14. Qxa8 Bxh2+ 15. Kxh2 Ng4+ 16. Kg1 Qh4 17. Bf4 c6 18. Bg3 Qh5 19. Nc3 d5 20. Rae1 Rf8 21. Qxc6 d4 22. Re8 1-0

[Event "*** Titled Tuesday 3|2 Blitz"]
[Site "Chess.com"]
[Date "2016.08.02"]
[Round "5"]
[White "macko06"]
[Black "Zhani-Z"]
[Result "1/2-1/2"]
[WhiteElo "2115"]
[BlackElo "2300"]
[TimeControl "180+2"]
[EndTime "12:02:06 PDT"]
[Termination "Game drawn by agreement"]

1. d4 Nf6 2. Nf3 e6 3. c4 Bb4+ 4. Nbd2 b6 5. g3 Bb7 6. Bg2 O-O 7. O-O d5 8. Ne5 Nbd7 9. Qa4 Bxd2 10. Bxd2 Nxe5 11.
dxe5 Nd7 12. Bc3 Nc5 13. Qc2 dxc4 14. Rfd1 Qc8 15. Bb4 1/2-1/2

[Event "*** Titled Tuesday 3|2 Blitz"]
[Site "Chess.com"]
[Date "2016.08.02"]
[Round "5"]
[White "cabalista"]
[Black "fireheart92"]
[Result "0-1"]
[WhiteElo "2339"]
[BlackElo "2350"]
[TimeControl "180+2"]
[EndTime "12:02:14 PDT"]
[Termination "fireheart92 won by resignation"]

1. e4 e5 2. Nc3 Nf6 3. Bc4 Nc6 4. d3 Na5 5. Bb3 Nxb3 6. axb3 d5 7. exd5 Nxd5 8. Qh5 Nb4 9. Qxe5+ Be7 10. Qe2 O-O 11. Qd1 Re8 12. Nge2 Bd6 13. Ne4 Bf5 14. Nxd6 Qxd6 15.
O-O Nxc2 16. Ra5 Bxd3 0-1

[Event "*** Titled Tuesday 3|2 Blitz"]
[Site "Chess.com"]
[Date "2016.08.02"]
[Round "5"]
[White "jup1978"]
[Black "sandropozo"]
[Result "0-1"]
[WhiteElo "2161"]
[BlackElo "2366"]
[TimeControl "180+2"]
[EndTime "12:02:27 PDT"]
[Termination "sandropozo won by resignation"]

1. e4 e6 2. d4 d5 3. exd5 exd5 4. Be3 Nf6 5. Nc3 Bb4 6. Bd3 c5 7. Bb5+ Nc6 8. dxc5 O-O 9. Bxc6 bxc6 10. Qd4 Qa5 11. Ne2 Ba6 12. a3 Rab8 13. O-O Bxc3 14. Nxc3 Bxf1 15. Rxf1 Rfe8 16. Bg5 Ne4 17. h4 Nxc3 18. bxc3 Re4 19. Qd3 Qxc5 20. Kh1 h6 0-1

[Event "*** Titled Tuesday 3|2 Blitz"]
[Site "Chess.com"]
[Date "2016.08.02"]
[Round "5"]
[White "Wolverine_master"]
[Black "FLchessplayer"]
[Result "1-0"]
[WhiteElo "2009"]
[BlackElo "2008"]
[TimeControl "180+2"]
[EndTime "12:02:37 PDT"]
[Termination "Wolverine_master won by resignation"]

1. e4 c5 2. Nf3 Nc6 3. d4 cxd4 4. Nxd4 g6 5. Nc3 Bg7 6. Nde2 Nf6 7. g3 O-O 8. Bg2 d6 9. O-O Bd7 10. h3 Qc8 11. Kh2 Ne5 12. b3 Rd8 13. Be3 Be8 14. Rc1 b6 15. Nd5 Rb8 16. c4 h6 17.
f4 Neg4+ 18. hxg4 Nxg4+ 19. Kg1 e6 20. Ne7+ Kf8 21. Nxc8 Nxe3 22. Qd3 Nxf1 23. Nxa7 Nxg3 24. Nxg3 Ra8 25. Nb5 Bxb5 26. cxb5 Rxa2 27. f5 Be5 28. fxe6 fxe6 29. Qf3+ Kg7 30. Rc7+ Kh8 31. Qf7 1-0

[Event "*** Titled Tuesday 3|2 Blitz"]
[Site "Chess.com"]
[Date "2016.08.02"]
[Round "5"]
[White "Tash_Boy"]
[Black "Alexander_Donchenko"]
[Result "0-1"]
[WhiteElo "2299"]
[BlackElo "2518"]
[TimeControl "180+2"]
[EndTime "12:03:14 PDT"]
[Termination "Alexander_Donchenko won by checkmate"]

1. e4 c5 2. Nf3 d6 3. d4 cxd4 4.
Nxd4 Nf6 5. Nc3 a6 6. Bg5 Nbd7 7. Qe2 h6 8. Bh4 g6 9. O-O-O Bg7 10. f4 Qc7 11. Kb1 O-O 12. Nf3 e5 13. f5 g5 14.
Nxg5 hxg5 15. Bxg5 b5 16. g4 b4 17. Nd5 Nxd5 18.
exd5 a5 19. h4 Ba6 20. Qd2 Bxf1 21. Rdxf1 f6 22. Bh6 a4 23. Bxg7 Kxg7 24. g5 a3 25. h5 axb2 26. g6 Qa5 27. h6+ Kh8 28. g7+ Kh7 29. gxf8=N+ Nxf8 30. a3 Qxa3 31. c3 Qa2+ 32. Kc2 b1=Q# 0-1

[Event "*** Titled Tuesday 3|2 Blitz"]
[Site "Chess.com"]
[Date "2016.08.02"]
[Round "5"]
[White "josiwales"]
[Black "Semetey"]
[Result "0-1"]
[WhiteElo "2184"]
[BlackElo "2434"]
[TimeControl "180+2"]
[EndTime "12:03:25 PDT"]
[Termination "Semetey won by resignation"]

1. e4 c5 2. Nc3 e6 3. g3 a6 4. Bg2 b5 5. d3 Bb7 6. Nh3 Nf6 7.
O-O d6 8. f4 Nbd7 9. g4 Nb6 10. g5 Nfd7 11. Be3 Qc7 12. Qe2 O-O-O 13. f5 e5 14. Qf2 f6 15. gxf6 gxf6 16. Kh1 Be7 17. Bf3 Rdg8 18. Rg1 Qd8 19. a3 Qf8 20. b4 Kc7 21. Ne2 Rxg1+ 22. Rxg1 Rg8 23. Rxg8 Qxg8 24.
Qg3 Qxg3 25. hxg3 cxb4 26. axb4 d5 27. Bd2 dxe4 28. dxe4 Nc4 29. Bc3 Ndb6 30. g4 Na4 31. g5 Nxc3 32. Nxc3 Bxb4 33. gxf6 Bxc3 34. f7 Bb4 35.
Ng5 Nd2 36. Bg2 h6 37. Nh7 Nxe4 38. Kh2 a5 39. f8=Q Bxf8 40. Nxf8 a4 41. Ne6+ Kd6 42. Nd8 Bd5 43. f6 Nxf6 44. Nb7+ Bxb7 45. Bxb7 a3 0-1

[Event "*** Titled Tuesday 3|2 Blitz"]
[Site "Chess.com"]
[Date "2016.08.02"]
[Round "5"]
[White "calemcc"]
[Black "saraswathii"]
[Result "0-1"]
[WhiteElo "2120"]
[BlackElo "2117"]
[TimeControl "180+2"]
[EndTime "12:04:17 PDT"]
[Termination "saraswathii won by resignation"]

1. d4 Nc6 2. c4 e5 3. dxe5 Nxe5 4. Qc2 Nf6 5. Bf4 Ng6 6. Bg3 Bc5 7. e3 O-O 8. Nf3 d6 9. Bd3 Be6 10. Nbd2 Re8 11. O-O Nh5 12. Ne4 Bb6 13. Rfd1 Bg4 14.
c5 Bxf3 15. gxf3 dxc5 16. Nxc5 Qf6 17. Be4 Nh4 18. Nd7 Qg5 19. Nxb6 cxb6 20. Qc4 Ng6 21. Rd7 Ne5 22. Bxh7+ Kxh7 23. Qe4+ f5 24. Qxe5 Rxe5 0-1

[Event "*** Titled Tuesday 3|2 Blitz"]
[Site "Chess.com"]
[Date "2016.08.02"]
[Round "5"]
[White "chipmunknau"]
[Black "Andrejkin"]
[Result "1/2-1/2"]
[WhiteElo "2430"]
[BlackElo "2219"]
[TimeControl "180+2"]
[EndTime "12:04:25 PDT"]
[Termination "Game drawn by repetition"]

1. Nf3 Nf6 2. g3 b6 3. Bg2 Bb7 4. O-O e6 5. d3 d5 6. c4 dxc4 7. Qa4+ Nbd7 8. Qxc4 Be7 9. Nc3 O-O 10. e4 Nc5 11.
Ne5 Nfd7 12. Nxd7 Qxd7 13. Rd1 Ba6 14. Qb4 Nxd3 15. Qb3 Bc5 16. Qc2 Qd4 17. Be3 Qxe3 18. fxe3 Bxe3+ 19. Kh1 Nf2+ 20. Kg1 Nxd1+ 21. Kh1 Nf2+ 22.
Kg1 Nd1+ 23. Kh1 Nf2+ 24. Kg1 Bd3 25. Qa4 Nxe4+ 26. Kh1 Nf2+ 27. Kg1 Nd1+ 28. Kh1 Nf2+ 29. Kg1 Nd1+ 30. Kh1 Nf2+ 1/2-1/2

[Event "*** Titled Tuesday 3|2 Blitz"]
[Site "Chess.com"]
[Date "2016.08.02"]
[Round "5"]
[White "usbista"]
[Black "Aragon"]
[Result "1-0"]
[WhiteElo "2017"]
[BlackElo "2064"]
[TimeControl "180+2"]
[EndTime "12:04:25 PDT"]
[Termination "usbista won by resignation"]

1. e4 c5 2. Nf3 a6 3. c4 g6 4. d4 cxd4 5. Nxd4 Bg7 6. Nc3 b6 7. Be3 Bb7 8. Be2 d6 9. O-O Nd7 10. f3 Ngf6 11. Qd2 Rc8 12. Rfc1 O-O 13. a3 Qc7 14. b4 e6 15. Bh6 Ne5 16. Bxg7 Kxg7 17.
Nd1 Rfd8 18. Ne3 Qb8 19. Qb2 Nh5 20. Bf1 Nf4 21. Ne2 Nd3 22. Qd4 Nxc1 23. Rxc1 b5 24. f4 bxc4 25. Nxc4 f6 26. fxe5 dxe5 27. Qe3 Rd7 28. Nb6 Rxc1 29. Nxd7 Rxf1+ 30. Kxf1 Qd6 31.
Nc5 Qd1+ 32. Kf2 Bc8 33. Qd3 Qa1 34. Qd6 Qxa3 35. Qe7+ Kh6 36. Qf8+ Kg5 37. Qxc8 Qxb4 38. Nxe6+ 1-0

[Event "*** Titled Tuesday 3|2 Blitz"]
[Site "Chess.com"]
[Date "2016.08.02"]
[Round "5"]
[White "dretch"]
[Black "AdamHunt1"]
[Result "1-0"]
[WhiteElo "2614"]
[BlackElo "2394"]
[TimeControl "180+2"]
[EndTime "12:04:30 PDT"]
[Termination "dretch won by resignation"]

1. d4 Nf6 2. c4 g6 3. Nc3 Bg7 4. e4 O-O 5. Nf3 d6 6. h3 Nc6 7.
d5 Nb8 8. Be2 e5 9. g4 Nfd7 10.
Bg5 f6 11. Be3 Nc5 12. b4 Nca6 13. Rb1 c5 14. a3 b6 15. Rg1 Kh8 16. h4 f5 17. h5 fxg4 18. Ng5 Bf6 19. Ne6 Bxe6 20. dxe6 Bg5 21. hxg6 Bxe3 22. fxe3 Nc6 23. Rh1 cxb4 24.
Rxh7+ Kg8 25. Nd5 Qg5 26. e7 Rfe8 27. Bxg4 Rxe7 28. Nxe7+ Nxe7 29. Be6+ Kf8 30. Qf3+ Ke8 31. Rh8+ 1-0

[Event "*** Titled Tuesday 3|2 Blitz"]
[Site "Chess.com"]
[Date "2016.08.02"]
[Round "5"]
[White "GianmarcoVaR"]
[Black "1stSecond"]
[Result "0-1"]
[WhiteElo "2448"]
[BlackElo "2538"]
[TimeControl "180+2"]
[EndTime "12:04:30 PDT"]
[Termination "1stSecond won by resignation"]

1. d4 Nf6 2. c4 c5 3. d5 e6 4. Nc3 exd5 5. cxd5 d6 6. g3 g6 7. Bg2 Bg7 8. Nf3 a6 9. a4 O-O 10. O-O Re8 11. Bf4 Nh5 12. Bg5 Bf6 13. Bd2 Nd7 14.
g4 Ng7 15. h3 Ne5 16. Rb1 h5 17.
Nxe5 Bxe5 18. g5 h4 19. e3 Nh5 20. f4 Bg7 21. Re1 Ng3 22. Qc2 Bd7 23. e4 b5 24.
Be3 b4 25. Nd1 Nxe4 26. Bxe4 Rxe4 27. Qxe4 Bf5 28. Nf2 Bxe4 29. Nxe4 Qd7 30. Kg2 Qf5 31. Nxd6 Qxd5+ 32. Kf2 Qxd6 33. Rbd1 Qc6 34. Rd2 c4 35. Red1 c3 36. bxc3 bxc3 37. Rd6 Qxa4 38. Rb1 Qc2+ 39. Rd2 cxd2 0-1

[Event "*** Titled Tuesday 3|2 Blitz"]
[Site "Chess.com"]
[Date "2016.08.02"]
[Round "5"]
[White "the_drake"]
[Black "VennyIce"]
[Result "0-1"]
[WhiteElo "2102"]
[BlackElo "1924"]
[TimeControl "180+2"]
[EndTime "12:04:31 PDT"]
[Termination "VennyIce won by checkmate"]

1. e4 c6 2. d4 d5 3. Nd2 dxe4 4. Nxe4 Nf6 5. Nc5 b6 6. Nb3 e6 7. Bd3 Bb7 8. Nf3 Bd6 9. O-O O-O 10. Bg5 h6 11. Bh4 Nbd7 12. c3 Qc7 13. Rc1 c5 14. dxc5 Nxc5 15. Nxc5 Bxc5 16. Bxf6 gxf6 17. Bb1 Qf4 18. Qd3 f5 19. Nd4 Rad8 20. Qg3+ Qxg3 21. hxg3 Bxd4 22. cxd4 Rxd4 23. Rc7 Ba6 24. Rfc1 Rfd8 25.
Kh2 R4d7 26. a3 Kg7 27. Ba2 Kf6 28. b4 Bd3 29. a4 a6 30. a5 bxa5 31. bxa5 Bb5 32. f3 Rd2 33. R1c2 Bf1 34. g4 Bxg2 35. Kg3 fxg4 36. fxg4 R8d3+ 37. Kh2 Rh3+ 38. Kg1 Rh1# 0-1

[Event "*** Titled Tuesday 3|2 Blitz"]
[Site "Chess.com"]
[Date "2016.08.02"]
[Round "5"]
[White "awb2001"]
[Black "Caisachess"]
[Result "1-0"]
[WhiteElo "2318"]
[BlackElo "2180"]
[TimeControl "180+2"]
[EndTime "12:04:36 PDT"]
[Termination "awb2001 won by checkmate"]

1. e4 e5 2. Nf3 Nc6 3. d4 exd4 4.
Nxd4 Bb4+ 5. c3 Bc5 6. Be3 Bb6 7. Bc4 d6 8. O-O Nf6 9. Nd2 O-O 10. Kh1 d5 11.
exd5 Nxd5 12. Nxc6 bxc6 13. Bd4 Bxd4 14. cxd4 Qh4 15.
Nf3 Qh5 16. Qb3 Bg4 17. Ne5 Rab8 18. Qg3 Be6 19. b3 Rb6 20. Rac1 f6 21. Bxd5 cxd5 22.
Rxc7 Qh6 23. Nd7 Bxd7 24. Rxd7 a5 25. Rxd5 Re8 26. Qc7 Rbe6 27. Rd8 Qd2 28. d5 Qe1 29. Rxe8+ Rxe8 30. Kg1 Qd2 31. d6 Re5 32. Qc4+ Rd5 33. d7 Kf8 34. Qc8+ Kf7 35. Qe8# 1-0

[Event "*** Titled Tuesday 3|2 Blitz"]
[Site "Chess.com"]
[Date "2016.08.02"]
[Round "5"]
[White "lukas_111111"]
[Black "Hieronymus00"]
[Result "1-0"]
[WhiteElo "2257"]
[BlackElo "2131"]
[TimeControl "180+2"]
[EndTime "12:04:57 PDT"]
[Termination "lukas_111111 won by resignation"]

1. d4 Nf6 2. Nf3 g6 3. c4 Bg7 4.
Nc3 O-O 5. e4 d6 6. Be2 Nbd7 7.
O-O e5 8. Be3 Re8 9. d5 Nh5 10.
g3 Bf6 11. Ne1 Ng7 12. Qd2 h5 13. h4 Nf8 14. Nd3 Bh3 15. Rfc1 Qd7 16. f3 c5 17. Nf2 Qc8 18. Rab1 Bd7 19. b4 b6 20. bxc5 dxc5 21.
a4 Bd8 22. Nb5 Bxb5 23. cxb5 f5 24. Bc4 Kh7 25. Kh2 Nd7 26. Nh3 Rf8 27. Rd1 Ne8 28.
d6 Ng7 29. Bg5 Nf6 30. d7 Qc7 31. Qd6 fxe4 32. Qxf8 exf3 33. Bxf6 Bxf6 34. Qxf6 1-0

[Event "*** Titled Tuesday 3|2 Blitz"]
[Site "Chess.com"]
[Date "2016.08.02"]
[Round "5"]
[White "Chesstrainer1"]
[Black "GMKrikor"]
[Result "1-0"]
[WhiteElo "2433"]
[BlackElo "2475"]
[TimeControl "180+2"]
[EndTime "12:05:00 PDT"]
[Termination "Chesstrainer1 won by resignation"]

1. Nf3 d5 2. g3 Nf6 3. Bg2 g6 4. O-O Bg7 5. c4 dxc4 6. Na3 Be6 7. Ng5 Bd5 8. e4 Bc6 9. Nxc4 h6 10. Nxf7 Kxf7 11.
Ne5+ Ke8 12. Qb3 Rf8 13. d3 g5 14. Be3 Nbd7 15. Ng6 Rf7 16. f4 Ng4 17. fxg5 Nde5 18. Nxe5 Nxe5 19. gxh6 Bf6 20. h7 Ng6 21. d4 Nh8 22. e5 Bg7 23. Rxf7 Nxf7 24. Rf1 e6 25. Qxe6+ Qe7 26. Bxc6+ 1-0

[Event "*** Titled Tuesday 3|2 Blitz"]
[Site "Chess.com"]
[Date "2016.08.02"]
[Round "5"]
[White "Cryptochess"]
[Black "profofchess"]
[Result "0-1"]
[WhiteElo "2420"]
[BlackElo "2317"]
[TimeControl "180+2"]
[EndTime "12:05:12 PDT"]
[Termination "profofchess won by resignation"]

1. e4 e6 2. d4 d5 3. Nc3 Bb4 4. e5 c5 5. a3 Bxc3+ 6. bxc3 Qa5 7. Bd2 Qa4 8. Qg4 Kf8 9. Ra2 b6 10. Nf3 Ba6 11. Bxa6 Qxa6 12. Qf4 h6 13. g4 Ne7 14. Be3 Nd7 15. g5 Qc4 16. gxh6 gxh6 17. dxc5 Qxa2 18. Nd4 Nxc5 19. Qf6 Rg8 20. Bxh6+ Ke8 21. Nb5 Qa1+ 22. Ke2 Qxh1 23. Nc7+ Kd7 24. Nxa8 Rxa8 25. Qxf7 0-1

[Event "*** Titled Tuesday 3|2 Blitz"]
[Site "Chess.com"]
[Date "2016.08.02"]
[Round "5"]
[White "Generalas"]
[Black "Proteuo"]
[Result "1-0"]
[WhiteElo "2247"]
[BlackElo "2291"]
[TimeControl "180+2"]
[EndTime "12:05:25 PDT"]
[Termination "Generalas won by resignation"]

1. e4 e5 2. Nf3 Nc6 3. Bb5 a6 4.
Ba4 Nf6 5. O-O Be7 6. Re1 b5 7. Bb3 d6 8. c3 O-O 9. h3 Nb8 10. d4 Nbd7 11. Nbd2 Bb7 12. Bc2 c5 13. d5 Re8 14. a4 Nf8 15. Bd3 Qd7 16. Qe2 c4 17. Bc2 Ng6 18. Nf1 h6 19. Ng3 Bf8 20. Be3 Nf4 21. Qd2 g5 22. Nf5 Kh7 23. h4 Kg6 24. hxg5 hxg5 25. g3 Ng4 26. gxf4 Nxe3 27. fxe3 Be7 28. fxg5 Rh8 29. Qg2 Rh5 30. N3h4+ Kh7 31.
g6+ Kh8 32. g7+ Kg8 33. Nf3 Bf6 34. Kf2 bxa4 35. Rh1 1-0

[Event "*** Titled Tuesday 3|2 Blitz"]
[Site "Chess.com"]
[Date "2016.08.02"]
[Round "5"]
[White "MinhGTrAn"]
[Black "Ginger_GM"]
[Result "1-0"]
[WhiteElo "2605"]
[BlackElo "2404"]
[TimeControl "180+2"]
[EndTime "12:05:32 PDT"]
[Termination "MinhGTrAn won on time"]

1. d4 e6 2. c4 f5 3. Nc3 Nf6 4. g3 Be7 5. Bg2 O-O 6. Nf3 d6 7. O-O a5 8. Re1 Ne4 9. Qc2 Nc6 10. Nxe4 Nb4 11. Qb1 fxe4 12. Qxe4 e5 13. g4 c6 14. a3 d5 15. Qb1 e4 16. Ne5 Bh4 17.
Be3 Na6 18. cxd5 cxd5 19. Qa2 Kh8 20. Rac1 Nc7 21. Rxc7 Qxc7 22. Qxd5 Ra6 23. Qxe4 Raf6 24. Rf1 Be6 25. f4 Rd8 26. Qxb7 Qc2 27. Bf3 Rdf8 28. Rc1 1-0

[Event "*** Titled Tuesday 3|2 Blitz"]
[Site "Chess.com"]
[Date "2016.08.02"]
[Round "5"]
[White "Kawhi_Leonard2"]
[Black "alturas_pacificas"]
[Result "1-0"]
[WhiteElo "2097"]
[BlackElo "2132"]
[TimeControl "180+2"]
[EndTime "12:05:33 PDT"]
[Termination "Kawhi_Leonard2 won by resignation"]

1. e4 g6 2. d4 Bg7 3. Nc3 d5 4. exd5 Nf6 5. Bb5+ Nbd7 6. Nge2 O-O 7. O-O Nb6 8. h3 Nbxd5 9. Nxd5 Nxd5 10. c3 c6 11. Bd3 e5 12. dxe5 Bxe5 13. Bh6 Bg7 14. Bxg7 Kxg7 15.
Qd2 Re8 16. Rad1 Be6 17. Nd4 Nf6 18. Nxe6+ Rxe6 19. Bc4 Qxd2 20. Rxd2 Re7 21. Rfd1 Rae8 22. Kf1 a5 23. a4 Ne4 24. Rd7 Nc5 25. Rxe7 Rxe7 26.
b3 Kf6 27. Rd6+ Ke5 28. Rd4 Rd7 29. Rxd7 Nxd7 30. Bxf7 Nc5 31. Ke2 Ne4 32. Bg8 h6 33. Bh7 Kf6 34. Bg8 Nxc3+ 35. Kd3 Na2 36. Kc4 b6 37.
Kd4 Nb4 38. Bc4 h5 39. h4 g5 40. hxg5+ Kxg5 41. g3 h4 42. gxh4+ Kxh4 43. Ke5 Kg4 44. f4 b5 45. axb5 cxb5 46. Bxb5 1-0

[Event "*** Titled Tuesday 3|2 Blitz"]
[Site "Chess.com"]
[Date "2016.08.02"]
[Round "5"]
[White "Saitama_Hero"]
[Black "Blitzstream"]
[Result "1-0"]
[WhiteElo "2211"]
[BlackElo "2457"]
[TimeControl "180+2"]
[EndTime "12:05:46 PDT"]
[Termination "Saitama_Hero won by resignation"]

1. d4 d5 2. c4 c6 3. cxd5 cxd5 4.
Nc3 Nf6 5. f3 Nc6 6. e4 dxe4 7.
d5 Ne5 8. fxe4 e6 9. Nf3 Nxf3+ 10. Qxf3 exd5 11. e5 Ne4 12. Bb5+ Bd7 13. Rf1 f6 14. exf6 Nxf6 15. Qe2+ Qe7 16. Bxd7+ Kxd7 17. Be3 Re8 18.
Kd2 d4 19. Qb5+ Kc8 20. Bxd4 Qd7 21. Qxd7+ Nxd7 22. Rac1 Kb8 23. Rf7 Re7 24. Rcf1 Rg8 25. Nd5 Rxf7 26. Rxf7 Kc8 27. Bxa7 Ne5 28. Rc7+ Kd8 29.
Rxb7 g6 30. Bb6+ Kc8 31. Rc7+ Kb8 32. Ba7+ 1-0

[Event "*** Titled Tuesday 3|2 Blitz"]
[Site "Chess.com"]
[Date "2016.08.02"]
[Round "5"]
[White "pedromartinez91"]
[Black "Imre91"]
[Result "0-1"]
[WhiteElo "2286"]
[BlackElo "2537"]
[TimeControl "180+2"]
[EndTime "12:05:57 PDT"]
[Termination "Imre91 won by checkmate"]

1. e4 e6 2. d4 d5 3. Nd2 Nc6 4. Ngf3 Nf6 5. e5 Nd7 6. Bd3 f6 7. exf6 Qxf6 8. Nf1 Bd6 9. Ne3 O-O 10. O-O Kh8 11. c3 b6 12. Qc2 g6 13. Ng4 Qf7 14.
Bh6 Re8 15. Ng5 Qg8 16. f4 Ne7 17. Ne5 Bxe5 18. fxe5 Nf5 19. Bxf5 gxf5 20. Rf3 Qg6 21.
Rg3 Ba6 22. Qd2 Re7 23. Qf4 c5 24. Qh4 f4 25. Qxf4 cxd4 26. cxd4 Rc8 27. Qh4 Be2 28.
Nf3 Qf7 29. Re1 Rc2 30. Bg7+ Qxg7 31. Rxg7 Rxg7 32. Qd8+ Rg8 33. Qxd7 Rxg2+ 34. Kxg2 Bb5+ 35. Kg3 Bxd7 36. b4 h6 37. a3 Rc3 38. Ra1 Be8 39. Kf4 Bh5 40. Nd2 Rd3 41. Nf1 Rf3# 0-1

[Event "*** Titled Tuesday 3|2 Blitz"]
[Site "Chess.com"]
[Date "2016.08.02"]
[Round "5"]
[White "Pudor"]
[Black "MyleneFarmer"]
[Result "0-1"]
[WhiteElo "2295"]
[BlackElo "2370"]
[TimeControl "180+2"]
[EndTime "12:06:09 PDT"]
[Termination "MyleneFarmer won by resignation"]

1. d4 d5 2. c4 c6 3. Nf3 Nf6 4. Nc3 e6 5. Bg5 dxc4 6. e4 b5 7. e5 h6 8. Bh4 g5 9. Nxg5 hxg5 10. Bxg5 Nbd7 11. g3 Bb7 12. Bg2 Qb6 13. exf6 O-O-O 14. O-O c5 15. d5 b4 16. Rb1 Qa6 17. Na4 Ne5 18.
Re1 Nd3 19. dxe6 Nxe1 20. e7 Bxe7 21. fxe7 Rxd1 22. Rxd1 Nd3 23. Nxc5 Qb6 24. Bxb7+ Kc7 25. Rxd3 Qxc5 26. Rd8 Qxg5 27. Rxh8 Qxe7 28. Bf3 c3 29. bxc3 bxc3 30. Rh4 Qe6 31. Be4 Qxa2 32. Bd3 Qd2 33.
Bf5 Qd5 34. Bc2 f5 35. Rf4 Qd2 36. Bxf5 Kd6 37. h4 c2 38. Bxc2 Qxc2 39. Rf6+ Ke5 40.
Rf4 a5 41. Kg2 a4 0-1

[Event "*** Titled Tuesday 3|2 Blitz"]
[Site "Chess.com"]
[Date "2016.08.02"]
[Round "5"]
[White "SabinoBrunello"]
[Black "Balandel"]
[Result "1-0"]
[WhiteElo "2574"]
[BlackElo "2328"]
[TimeControl "180+2"]
[EndTime "12:06:18 PDT"]
[Termination "SabinoBrunello won on time"]

1. d4 Nf6 2. g3 g6 3. Bg2 Bg7 4. Nf3 O-O 5. O-O d6 6. a4 Nc6 7. c3 e6 8. Nbd2 Ne7 9. e4 d5 10. Qc2 b6 11. a5 Ba6 12. Re1 c5 13. exd5 exd5 14. dxc5 bxc5 15. Nb3 Rc8 16. Bf4 Ne4 17. Rad1 f5 18. Ng5 c4 19. Nd4 Qxa5 20. Nge6 Rfe8 21. Nxg7 Kxg7 22. f3 Nc5 23. Bd6 Ng8 24. Qd2 Nd3 25. Rxe8 Rxe8 26. Bh3 Qb6 27. Ba3 Nf6 28. Kg2 Kf7 29.
g4 fxg4 30. fxg4 Ne4 31. Qh6 Kg8 32. Rf1 Ndc5 33. g5 Bc8 34. Bxc8 Rxc8 35. Qh3 Re8 36. Qg4 Nd3 37. h4 Ne5 38. Qf4 Qb7 39. Ne6 Qf7 40.
Qxe5 Rxe6 41. Qxd5 Re7 42. Rxf7 Rxf7 43. Qxe4 1-0